 Dungeon Crawl Stone Soup version 0.21.1-1-g345015f (webtiles) character file.

5819 empire the Carver (level 10, -2/117 HPs)
             Began as a Minotaur Fighter on Apr 13, 2018.
             Was a Priest of Cheibriados.
             Slain by a two-headed ogre
             ... wielding a +0 giant club
              (12 damage)
             ... on level 9 of the Dungeon.
             The game lasted 00:19:50 (7687 turns).

empire the Carver (Minotaur Fighter)                Turns: 7687, Time: 00:19:51

Health: -2/117     AC: 25    Str: 27    XL:     10   Next: 51%
Magic:  9/9        EV:  2    Int: 12    God:    Cheibriados [***...]
Gold:   178        SH:  0    Dex: 21    Spells: 9/9 levels left

rFire    . . .     SeeInvis .   a - +1 long sword (freeze)
rCold    + . .     Gourm    .   c - +0 shield
rNeg     + + +     Faith    .   (armour currently unavailable)
rPois    +         Spirit   .   (helmet currently unavailable)
rElec    .         Reflect  +   (cloak currently unavailable)
rCorr    .         Harm     .   (gloves currently unavailable)
MR       .....     NoTele   +   (boots currently unavailable)
Stlth    +.........             D - brooch of Shielding {Reflect SH+8}
HPRegen  0.29/turn              i - ring of poison resistance
MPRegen  0.11/turn              w - ring of protection from cold

@: confused, tree-form, very slow
A: (retaliatory headbutt)
a: Bend Time, Temporal Distortion, Renounce Religion


You were on level 9 of the Dungeon.
You worshipped Cheibriados.
Cheibriados was most pleased with you.
You were hungry.
You were a tree.
You visited 2 branches of the dungeon, and saw 10 of its levels.

You collected 640 gold pieces.
You spent 462 gold pieces at shops.

Inventory:

Hand Weapons
 a - a +1 long sword of freezing (weapon)
 b - a cursed +0 great sword
Missiles
 d - 8 tomahawks (quivered)
Armour
 c - a +0 shield (worn)
 h - a +0 chain mail (melded)
 E - a +0 cloak (melded)
 H - a +1 pair of gloves
Magical Staves
 I - an uncursed staff of death {unknown}
Jewellery
 i - a ring of poison resistance (left branch)
 k - a +2 amulet of reflection
 o - an uncursed ring of protection from magic {unknown}
 w - a ring of protection from cold (right branch)
 D - the brooch of Shielding (around neck) {Reflect SH+8}
   (You found it on level 7 of the Dungeon)

   [amulet of reflection]

   It shields you and reflects attacks.
   It affects your SH (+8).
Wands
 q - a wand of iceblast (6)
 u - a wand of digging (27)
 y - a wand of flame (41)
 B - a wand of disintegration (12)
 F - a wand of polymorph (9)
Scrolls
 e - 2 scrolls of teleportation
 j - 4 scrolls of magic mapping
 p - 5 scrolls of remove curse
 v - 2 scrolls of identify
Potions
 l - 2 potions of resistance
 n - 4 potions of magic
 t - 2 potions of agility
 z - a potion of brilliance
 A - 2 potions of flight
Books
 m - a book of Frost

   Spells                             Type                      Level
   a - Freeze                         Ice                          1
   b - Throw Frost                    Conjuration/Ice              2
   c - Ozocubu's Armour               Charms/Ice                   3
   d - Throw Icicle                   Conjuration/Ice              4
   e - Summon Ice Beast               Ice/Summoning                4
Comestibles
 f - 14 rations


   Skills:
 - Level 3.7 Fighting
 - Level 12.5 Long Blades
 - Level 2.1 Throwing
 - Level 7.8 Armour
 - Level 7.0 Dodging
 - Level 9.7 Shields
 + Level 0.1 Evocations


You had 9 spell levels left.
You didn't know any spells.

Dungeon Overview and Level Annotations

Branches:
Dungeon (9/15)             Temple (1/1) D:6
   Lair: D:8-11         Orc: D:9-12

Altars:
Ashenzari
Cheibriados
Dithmenos
Elyvilon
Fedhas
Gozag
Hepliaklqana
Kikubaaqudgha
Makhleb
Nemelex Xobeh
Okawaru
Qazlal
Ru
Sif Muna
Trog
Uskayaw
Vehumet
Wu Jian
Xom
Yredelemnul
Zin
The Shining One

Shops:
D:4 %

Annotations:
D:3 1 transporter


Innate Abilities, Weirdness & Mutations

((You reflexively headbutt those who attack you in melee.))
((You have a pair of horns on your head.))


Message History

Your roots penetrate the ground.
The two-headed ogre completely misses you.
The two-headed ogre hits you with a giant club!
* * * LOW HITPOINT WARNING * * *
You cannot move. (Use ctrl+direction to attack without moving.)
You cannot move. (Use ctrl+direction to attack without moving.)
You cannot move. (Use ctrl+direction to attack without moving.)
You completely miss the two-headed ogre.
The two-headed ogre is severely wounded.
You swing at nothing.
The two-headed ogre hits you with a giant club.
* * * LOW HITPOINT WARNING * * *
The two-headed ogre hits you but does no damage.
You closely miss the two-headed ogre.
The two-headed ogre is severely wounded.
You swing at nothing.
The two-headed ogre hits you with a giant club!
* * * LOW HITPOINT WARNING * * *
The two-headed ogre hits you with a giant club!
You die...

#......#######..##.###.#
#......# #...#.# .#
#...#### #...#.. # #####
#...... ######## ### .#.
#......# #######..#
#......#####........#
#..........#....(....
#####.......♣O.......
#................
#................
#................
#......#..:....##
#......#####...$.
#.###### ..... #. ...


You could see a two-headed ogre.

Vanquished Creatures
  The ghost of Thomus the Cleaver, a novice MiBe of Trog (D:6)
  Pikel (D:4)
  A hornet (D:9)
  2 dream sheep (D:9)
  A hippogriff (D:7)
  2 yaks (D:9)
  Grum (D:9)
  Duvessa (D:7)
  2 ice beasts
  An orc warrior (D:9)
  2 sky beasts
  2 wolves (D:9)
  4 ogres
  3 big kobolds
  4 bullfrogs
  Dowan (D:7)
  2 scorpions
  10 killer bees
  7 wights
  12 howler monkeys
  3 crimson imps
  A quasit (D:9)
  2 hounds
  3 orc priests
  3 orc wizards
  A bullfrog skeleton (D:6)
  A centaur skeleton (D:4)
  4 iguanas
  3 worker ants
  Natasha (twice) (D:4)
  2 hound zombies
  2 hound skeletons
  A howler monkey zombie (D:9)
  4 gnolls (D:3)
  7 adders
  3 shadow imps
  An ooze (D:3)
  3 adder skeletons
  2 worms (D:2)
  A dart slug (D:3)
  8 leopard geckos
  29 orcs
  A ball python (D:3)
  4 giant cockroaches
  7 goblins
  9 hobgoblins
  4 jackals (D:3)
  9 kobolds
  4 quokkas
  3 bats
  3 frilled lizards
  A leopard gecko skeleton (D:8)
  A quokka skeleton (D:5)
  8 rats
200 creatures vanquished.

Vanquished Creatures (others)
  Natasha (D:4)
1 creature vanquished.

Grand Total: 201 creatures vanquished

Notes
Turn   | Place    | Note
-------+----------+-------------------------------------------
     0 | D:1      | empire the Minotaur Fighter began the quest for the Orb.
     0 | D:1      | Reached XP level 1. HP: 19/19 MP: 0/0
   252 | D:1      | Reached skill level 1 in Throwing
   334 | D:1      | Reached XP level 2. HP: 27/27 MP: 1/1
   547 | D:2      | Reached XP level 3. HP: 29/33 MP: 2/2
   660 | D:2      | Reached skill level 3 in Long Blades
   664 | D:2      | Found a shadowy altar of Dithmenos.
  1146 | D:3      | Reached skill level 4 in Long Blades
  1204 | D:3      | Reached XP level 4. HP: 20/40 MP: 3/3
  1216 | D:3      | Reached skill level 5 in Long Blades
  1337 | D:3      | Reached XP level 5. HP: 24/46 MP: 4/4
  1659 | D:3      | Noticed a steam dragon
  1742 | D:3      | Reached skill level 6 in Long Blades
  1948 | D:3      | Found a transporter.
  2157 | D:3      | Found a transporter.
  2289 | D:4      | Noticed a slave
  2289 | D:4      | Noticed an ogre
  2294 | D:4      | Noticed a slave
  2298 | D:3      | Killed an ogre
  2298 | D:3      | Reached skill level 7 in Long Blades
  2298 | D:3      | Reached XP level 6. HP: 29/52 MP: 5/5
  2744 | D:4      | Found Seadawyu's Food Boutique.
  3026 | D:4      | Noticed Pikel
  3027 | D:4      | Noticed a slave
  3029 | D:4      | Reached skill level 8 in Long Blades
  3030 | D:4      | Noticed Natasha
  3034 | D:4      | Noticed a slave
  3045 | D:4      | Killed Pikel
  3045 | D:4      | Reached skill level 10 in Long Blades
  3045 | D:4      | Reached XP level 7. HP: 39/58 MP: 6/6
  3048 | D:4      | Killed Natasha
  3135 | D:4      | Noticed Natasha
  3140 | D:4      | Killed Natasha
  3181 | D:4      | Killed Natasha
  3515 | D:5      | Entered Level 5 of the Dungeon
  3515 | D:5      | Found Boyfeuhu's Distillery.
  3580 | D:5      | Reached XP level 8. HP: 66/66 MP: 7/7
  3586 | D:5      | Bought a potion of brilliance for 44 gold pieces
  3586 | D:5      | Bought a potion of agility for 44 gold pieces
  3586 | D:5      | Bought a potion of flight for 33 gold pieces
  3586 | D:5      | Bought a potion of degeneration for 11 gold pieces
  3586 | D:5      | Bought 2 potions of ambrosia for 176 gold pieces
  3586 | D:5      | Bought a potion of curing for 33 gold pieces
  3663 | D:5      | Bought a potion of curing for 33 gold pieces
  3673 | D:5      | Reached skill level 11 in Long Blades
  4201 | D:6      | Reached skill level 12 in Long Blades
  4219 | D:6      | Noticed Thomus's ghost (novice MiBe)
  4607 | D:6      | Found a staircase to the Ecumenical Temple.
  4613 | Temple   | Entered the Ecumenical Temple
  4761 | Temple   | Became a worshipper of Cheibriados the Contemplative
  5125 | D:6      | Killed Thomus's ghost
  5125 | D:6      | Reached skill level 5 in Dodging
  5125 | D:6      | Reached XP level 9. HP: 16/71 MP: 8/8
  5615 | D:3      | HP: 3/71 [electric eel/bolt of electricity (5)]
  5615 | D:3      | HP: 1/71 [electric eel/bolt of electricity (2)]
  6064 | D:5      | Bought 2 potions of agility for 88 gold pieces
  6184 | D:7      | Reached * piety under Cheibriados
  6335 | D:7      | Found the brooch of Shielding {Reflect SH+8}
  6348 | D:7      | Found a shattered altar of Ashenzari.
  6348 | D:7      | Found an opulent altar of Gozag.
  6364 | D:7      | Noticed Duvessa
  6364 | D:7      | Found a radiant altar of Vehumet.
  6365 | D:7      | Noticed Dowan
  6380 | D:7      | Killed Dowan
  6390 | D:7      | Killed Duvessa
  6390 | D:7      | Reached skill level 5 in Armour
  6827 | D:8      | Reached skill level 5 in Shields
  7030 | D:8      | Found a white marble altar of Elyvilon.
  7043 | D:8      | Reached ** piety under Cheibriados
  7050 | D:8      | Found a blossoming altar of Fedhas.
  7050 | D:8      | Found a hide-covered altar of Uskayaw.
  7055 | D:8      | Found an opulent altar of Gozag.
  7055 | D:8      | Found a basalt altar of Yredelemnul.
  7055 | D:8      | Found a shimmering altar of Xom.
  7167 | D:9      | Reached XP level 10. HP: 30/78 MP: 9/9
  7365 | D:9      | Reached *** piety under Cheibriados
  7413 | D:9      | Noticed Grum
  7427 | D:9      | Killed Grum
  7582 | D:9      | Noticed a three-headed hydra
  7672 | D:9      | Noticed a two-headed ogre
  7687 | D:9      | Slain by a two-headed ogre

Skill      XL: |  1  2  3  4  5  6  7  8  9 10 |
---------------+-------------------------------+-----
Throwing       | 1 2 |  2.1
Long Blades    | 4 5 7 10 12 | 12.5
Dodging        | 5 7 |  7.0
Armour         | 7 |  7.8
Shields        | 6 9 |  9.7
Fighting       | |  3.7
Evocations     | |  0.1

Action                   |  1- 3 |  4- 6 |  7- 9 | 10-12 || total
-------------------------+-------+-------+-------+-------++-------
Melee: Long sword        |   103 |   139 |   331 |   100 ||   673
       Headbutt          |     8 |    29 |    79 |    18 ||   134
Throw: Tomahawk          |       |       |     3 |     1 ||     4
Evoke: Wand              |       |       |       |     2 ||     2
  Use: Scroll            |     3 |       |    17 |     3 ||    23
       Potion            |       |     2 |    11 |     5 ||    18
  Eat: Chunk             |     1 |     6 |     5 |     1 ||    13
       Ration            |       |       |     2 |       ||     2
Armor: Chain mail        |    75 |    82 |   107 |    11 ||   275
       Skin              |       |       |    21 |    38 ||    59
Dodge: Dodged            |    23 |    36 |   116 |    26 ||   201
Block: Shield            |    53 |    75 |   189 |   136 ||   453
       Reflection        |       |       |       |     5 ||     5
       Rpst.: Long sword |     8 |     8 |    27 |     7 ||    50
